Red Wings vs Sabres
Created - April 29, 2024 at 19:36
Goals
|
| Red Wings |
1 |
2 |
1 |
4 |
| Sabres |
1 |
2 |
3 |
6 |
|
Shots
|
| Red Wings |
8 |
13 |
11 |
32 |
| Sabres |
12 |
5 |
16 |
33 |
|
1st period
1. Red Wings , Danton Heinen 18 (Connor Brown 51) at 0:08
2. Sabres , Timo Meier 7 (Nate Schmidt 19) at 1:01
Penalties :
Joe Pavelski (Buf) for Holding (Minor) at 1:17, Jamie Arniel (Buf) for Hooking (Minor) at 17:45, Danton Heinen (Det) for Delaying the game (Minor) at 17:51
2nd period
3. Sabres , Sam Gagner 21 (Hampus Lindholm 65, Mathew Dumba 30) at 0:32
4. Red Wings , Greg Stewart 29 (T.J. Hensick 31, Jonathan Drouin 33) at 6:02
5. Red Wings , Mike Richards 11 (Jussi Jokinen 4) at 12:51
6. Sabres , Sam Gagner 22 (Hampus Lindholm 66) at 14:44 (PP)
Penalties :
Greg Stewart (Det) for Interference (Minor) at 1:41, Cal Clutterbuck (Det) for Holding (Minor) at 14:11, Jussi Jokinen (Det) for Cross-checking (Minor) at 17:50
3rd period
7. Sabres , Sam Gagner 23 (Evgeni Malkin 28) at 3:26 (PP)
8. Red Wings , Danton Heinen 19 (Connor Brown 52, Dylan Larkin 48) at 6:10
9. Sabres , Kyle Okposo 18 (Ryan Getzlaf 13, Andrew Mangiapane 6) at 10:23
10. Sabres , Ryan Getzlaf 12 (Mathew Dumba 31, Hampus Lindholm 67) at 17:58
Penalties :
Drew Fata (Det) for Interference (Minor) at 1:53, T.J. Hensick (Det) for High sticking (Minor) at 11:19, John Tavares (Buf) for Holding Stick (Minor) at 11:26, Philip Samuelsson (Det) for Tripping (Minor) at 18:01
Goalie Stats
Ondrej Pavelec (Det), 27 saves from 33 shots - (0.818), L, 34-19-6, 60:00 minutes
John Gibson (Buf), 28 saves from 32 shots - (0.875), W, 39-27-5, 60:00 minutes
Players Stats for Red Wings
Player Name G A P +/- PIM S H SB GA TA FO MP PP MP PK MP
------------------------------------------------------------------------------------
Alex DeBrincat 0 0 0 -1 0 1 0 0 0 1 0/0 14:23 0:56 0:00
Braydon Coburn 0 0 0 1 0 1 2 1 0 1 0/0 17:26 0:00 4:48
Cal Clutterbuck 0 0 0 -1 2 2 1 0 0 0 0/0 15:19 0:00 2:04
Carson Mcmillan 0 0 0 1 0 2 2 0 0 0 0/0 12:26 0:00 5:04
Charlie Coyle 0 0 0 -1 0 2 1 0 2 1 16/33 18:07 1:16 1:11
Connor Brown 0 2 2 -1 0 2 2 2 0 1 2/2 17:31 1:16 0:00
Danton Heinen 2 0 2 -1 2 6 0 1 0 0 1/1 15:48 1:02 1:04
Drew Fata 0 0 0 -1 2 0 1 1 0 1 0/0 17:22 0:07 2:28
Dylan Larkin 0 1 1 -1 0 3 2 0 0 0 12/20 15:36 1:14 0:03
Greg Stewart 1 0 1 1 2 2 1 0 2 1 0/0 12:45 0:00 0:03
Jake Gardiner 0 0 0 -1 0 2 0 1 1 1 0/0 18:00 1:02 0:59
Jeff Schultz 0 0 0 0 0 3 1 2 0 2 0/0 27:35 1:02 4:54
Jonathan Drouin 0 1 1 1 0 0 0 0 1 0 0/0 12:40 0:56 0:00
Jussi Jokinen 0 1 1 1 2 2 0 0 1 0 0/0 7:12 0:00 0:00
Mike Richards 1 0 1 1 0 1 2 0 0 0 1/2 9:11 0:00 2:04
Philip Samuelsson 0 0 0 0 2 0 2 2 0 0 0/0 22:45 1:10 0:00
Roland McKeown 0 0 0 1 0 0 0 0 0 2 0/0 15:47 0:00 3:21
T.J. Hensick 0 1 1 1 2 3 1 1 0 1 6/11 18:00 0:58 4:57
Players Stats for Sabres
Player Name G A P +/- PIM S H SB GA TA FO MP PP MP PK MP
------------------------------------------------------------------------------------
Andrew Mangiapane 0 1 1 1 0 1 1 1 1 0 0/0 11:36 0:00 0:58
David Backes 0 0 0 1 0 2 2 0 0 0 1/5 18:09 3:03 0:00
Evgeni Malkin 0 1 1 1 0 1 0 2 2 0 4/9 19:25 2:57 0:19
Hampus Lindholm 0 3 3 0 0 3 2 1 1 1 0/0 27:22 5:46 1:19
Jamie Arniel 0 0 0 0 2 1 0 0 1 1 2/2 8:40 0:06 1:05
Joe Pavelski 0 0 0 0 2 0 0 0 1 1 0/0 6:17 0:00 0:00
John Tavares 0 0 0 -2 2 3 1 0 1 0 19/41 21:20 5:11 0:00
Kyle Okposo 1 0 1 1 0 1 0 1 0 0 0/0 13:07 2:29 0:00
Mathew Dumba 0 2 2 0 0 2 2 2 0 1 0/0 27:22 5:46 1:19
Michael Matheson 0 0 0 1 0 0 0 1 0 0 0/0 12:24 0:00 0:00
Nate Schmidt 0 1 1 -1 0 0 1 2 1 0 0/0 20:14 2:29 0:53
Noah Hanifin 0 0 0 1 0 0 0 2 1 0 0/0 12:24 0:00 0:00
Ryan Getzlaf 1 1 2 1 0 3 2 0 0 2 3/9 13:00 0:12 0:49
Sam Gagner 3 0 3 1 0 7 2 0 1 0 0/0 17:13 2:57 0:03
Samuel Morin 0 0 0 0 0 0 0 0 0 0 1/1 7:44 0:00 1:10
Timo Meier 1 0 1 -2 0 1 1 0 0 0 1/1 19:44 5:06 0:00
Tyson Barrie 0 0 0 -1 0 0 0 2 0 1 0/0 17:45 0:00 0:53
Viktor Arvidsson 0 0 0 -2 0 8 2 1 2 0 0/1 20:14 5:12 0:00
3 Stars
1 - Sam Gagner (Buf)
2 - Ryan Getzlaf (Buf)
3 - Hampus Lindholm (Buf)
Power Play
Red Wings - 0 on 3 Attempt(s) - 0.00%
Sabres - 2 on 7 Attempt(s) - 28.57%
Penalty Kill
Red Wings - 5 on 7 Attempt(s) - 71.43%
- Score 0 goal in Penalty Kill
Sabres - 3 on 3 Attempt(s) - 100.00%
- Score 0 goal in Penalty Kill
Team Stat
Red Wings - Hits : 18 - Faceoff Wins : 38 - Blocked Shots : 11 - Penalty Minutes : 14
Sabres - Hits : 16 - Faceoff Wins : 31 - Blocked Shots : 15 - Penalty Minutes : 6
Official
Referees : Corey Syvret and Ghislain Hebert
Linesman : Kiel Murchison and Kyle Flemington
Game Notes
Sam Gagner has scored a Hat Trick!
Finance
Level 1 -- Attendance: 12800 (40.00%) -- Ticket Income $1,280,000
Level 2 -- Attendance: 5000 (100.00%) -- Ticket Income $300,000
Level 3 -- Attendance: 2000 (100.00%) -- Ticket Income $70,000
Level 4 -- Attendance: 3836 (95.90%) -- Ticket Income $95,900
Luxury Box -- Attendance: 1000 (100.00%) -- Ticket Income $200,000
Game was played at the Key Bank Center.
Total Attendance: 24636 (55.99%)
Total Ticket Income: $1,945,900
Other Income: $291,885
Total Income: $2,237,785
Red Wings
5 vs 5 Forward
Center Left Wing Right Wing Time % Phy DF OF
1 Dylan Larkin Danton Heinen Connor Brown 35 1 2 2
2 Charlie Coyle Alex DeBrincat Cal Clutterbuck 35 1 2 2
3 T.J. Hensick Greg Stewart Jonathan Drouin 20 1 2 2
4 Mike Richards Jussi Jokinen Carson Mcmillan 10 1 2 2
5 vs 5 Defense
Defense Defense Time % Phy DF OF
1 Philip Samuelsson Jeff Schultz 40 1 2 2
2 Jake Gardiner Drew Fata 30 1 2 2
3 Braydon Coburn Roland McKeown 20 1 2 2
4 Braydon Coburn Roland McKeown 10 1 2 2
PowerPlay Forward
Center Left Wing Right Wing Time % Phy DF OF
1 Charlie Coyle Dylan Larkin Connor Brown 60 1 2 2
2 T.J. Hensick Alex DeBrincat Jonathan Drouin 40 1 2 2
PowerPlay Defense
Defense Defense Time % Phy DF OF
1 Philip Samuelsson Danton Heinen 60 1 2 2
2 Jake Gardiner Jeff Schultz 40 1 2 2
Penalty Kill 4 Players Forward
Center Wing Time % Phy DF OF
1 T.J. Hensick Carson Mcmillan 60 1 2 2
2 Mike Richards Cal Clutterbuck 40 1 2 2
Penalty Kill 4 Players Defense
Defense Defense Time % Phy DF OF
1 Braydon Coburn Jeff Schultz 60 1 2 2
2 Roland McKeown Drew Fata 40 1 2 2
Penalty Kill - 3 Players Forward
Forward Time % Phy DF OF
1 Carson Mcmillan 60 1 2 2
2 Cal Clutterbuck 40 1 2 2
Penalty Kill - 3 Players Defense
Defense Defense Time % Phy DF OF
1 Drew Fata Braydon Coburn 60 1 2 2
2 Roland McKeown Jeff Schultz 40 1 2 2
4 vs 4 Forward
Center Wing Time % Phy DF OF
1 Charlie Coyle Connor Brown 60 1 2 2
2 Dylan Larkin Greg Stewart 40 1 2 2
4 vs 4 Defense
Defense Defense Time % Phy DF OF
1 Jake Gardiner Jeff Schultz 60 1 2 2
2 Philip Samuelsson Drew Fata 40 1 2 2
Last Minutes Offensive
Center Left Wing Right Wing Defense Defense
Dylan Larkin Charlie Coyle Jonathan Drouin Philip Samuelsson Connor Brown
Last Minutes Defensive
Center Left Wing Right Wing Defense Defense
Charlie Coyle Cal Clutterbuck Carson Mcmillan Jake Gardiner Jeff Schultz
Goaltenders
Starting : Ondrej Pavelec
Backup : Igor Shesterkin
Extra Forwards
Normal : T.J. Hensick, Cal Clutterbuck, Greg Stewart - PP : T.J. Hensick, Mike Richards - PK : Charlie Coyle
Extra Defensemen
Normal : Roland McKeown, Drew Fata, Braydon Coburn - PP : Braydon Coburn - PK : Jake Gardiner, Philip Samuelsson
Penalty Shots
Dylan Larkin, Connor Brown, Alex DeBrincat, Carson Mcmillan, Mike Richards
Custom OT Lines Forwards
Dylan Larkin, Connor Brown, Charlie Coyle, Greg Stewart, Danton Heinen, Jonathan Drouin, T.J. Hensick, Carson Mcmillan, Alex DeBrincat, Cal Clutterbuck
Custom OT Lines Defensemen
Philip Samuelsson, Jake Gardiner, Jeff Schultz, Roland McKeown, Drew Fata
Scratches
Brendan Woods (Healthy), Colten Teubert (Healthy), Dalton Prout (Healthy), Maxime Macenauer (Healthy)
Sabres
5 vs 5 Forward
Center Left Wing Right Wing Time % Phy DF OF
1 John Tavares Timo Meier Viktor Arvidsson 40 1 2 2
2 Evgeni Malkin Sam Gagner David Backes 30 1 2 2
3 Ryan Getzlaf Andrew Mangiapane Kyle Okposo 20 1 2 2
4 Jamie Arniel Samuel Morin Joe Pavelski 10 1 2 2
5 vs 5 Defense
Defense Defense Time % Phy DF OF
1 Hampus Lindholm Mathew Dumba 33 1 2 2
2 Nate Schmidt Tyson Barrie 33 1 2 2
3 Michael Matheson Noah Hanifin 25 1 2 2
4 Hampus Lindholm Mathew Dumba 9 1 2 2
PowerPlay Forward
Center Left Wing Right Wing Time % Phy DF OF
1 John Tavares Timo Meier Viktor Arvidsson 60 1 2 2
2 Evgeni Malkin Sam Gagner David Backes 40 1 2 2
PowerPlay Defense
Defense Defense Time % Phy DF OF
1 Hampus Lindholm Mathew Dumba 60 1 2 2
2 Nate Schmidt Kyle Okposo 40 1 2 2
Penalty Kill 4 Players Forward
Center Wing Time % Phy DF OF
1 Jamie Arniel Samuel Morin 60 1 2 2
2 Ryan Getzlaf Joe Pavelski 40 1 2 2
Penalty Kill 4 Players Defense
Defense Defense Time % Phy DF OF
1 Hampus Lindholm Mathew Dumba 60 1 2 2
2 Nate Schmidt Tyson Barrie 40 1 2 2
Penalty Kill - 3 Players Forward
Forward Time % Phy DF OF
1 Jamie Arniel 60 1 2 2
2 Ryan Getzlaf 40 1 2 2
Penalty Kill - 3 Players Defense
Defense Defense Time % Phy DF OF
1 Hampus Lindholm Mathew Dumba 60 1 2 2
2 Nate Schmidt Tyson Barrie 40 1 2 2
4 vs 4 Forward
Center Wing Time % Phy DF OF
1 John Tavares Evgeni Malkin 60 1 2 2
2 Viktor Arvidsson Sam Gagner 40 1 2 2
4 vs 4 Defense
Defense Defense Time % Phy DF OF
1 Hampus Lindholm Mathew Dumba 60 1 2 2
2 Nate Schmidt Tyson Barrie 40 1 2 2
Last Minutes Offensive
Center Left Wing Right Wing Defense Defense
John Tavares Sam Gagner Viktor Arvidsson Hampus Lindholm Mathew Dumba
Last Minutes Defensive
Center Left Wing Right Wing Defense Defense
John Tavares Sam Gagner Viktor Arvidsson Hampus Lindholm Mathew Dumba
Goaltenders
Starting : John Gibson
Backup : Cam Talbot
Extra Forwards
Normal : David Backes, Ryan Getzlaf, Jamie Arniel - PP : David Backes, Ryan Getzlaf - PK : Jamie Arniel
Extra Defensemen
Normal : Michael Matheson, Noah Hanifin, Nate Schmidt - PP : Michael Matheson - PK : Noah Hanifin, Nate Schmidt
Penalty Shots
John Tavares, Evgeni Malkin, Viktor Arvidsson, Sam Gagner, Joe Pavelski
Custom OT Lines Forwards
John Tavares, Evgeni Malkin, Viktor Arvidsson, Sam Gagner, Joe Pavelski, David Backes, Ryan Getzlaf, Jamie Arniel, Timo Meier, Samuel Morin
Custom OT Lines Defensemen
Hampus Lindholm, Mathew Dumba, Nate Schmidt, Tyson Barrie, Michael Matheson
Scratches
Petter Granberg (Healthy)
% Time on Ice - Red Wings
Lines # - Real PCT - Wanted PCT - Time Play
Normal Forward
1 - 30% - 35% - 13:48
2 - 29% - 35% - 13:27
3 - 25% - 20% - 11:26
4 - 16% - 10% - 7:07
Normal Defense
1 - 42% - 40% - 19:22
2 - 31% - 30% - 14:15
3 - 18% - 20% - 8:07
4 - 9% - 10% - 4:04
PP Forward
1 - 58% - 60% - 1:16
2 - 42% - 40% - 0:56
PP Defense
1 - 48% - 60% - 1:03
2 - 52% - 40% - 1:09
PK Forward
1 - 74% - 60% - 6:08
2 - 26% - 40% - 2:07
PK Defense
1 - 59% - 60% - 4:54
2 - 41% - 40% - 3:21
PK3 Forward
1 - 0% - 60%
2 - 0% - 40%
PK3 Defense
1 - 0% - 60%
2 - 0% - 40%
44 Forward
1 - 77% - 60% - 2:54
2 - 23% - 40% - 0:51
44 Defense
1 - 68% - 60% - 2:32
2 - 32% - 40% - 1:13
Last Minute Offensive - 0:00
Last Minute Defensive - 0:00
Total
Forward - 60:00
Defense - 60:00
|
% Time on Ice - Sabres
Lines # - Real PCT - Wanted PCT - Time Play
Normal Forward
1 - 34% - 40% - 15:27
2 - 30% - 30% - 13:49
3 - 23% - 20% - 10:38
4 - 13% - 10% - 5:54
Normal Defense
1 - 33% - 33% - 15:12
2 - 34% - 33% - 15:38
3 - 27% - 25% - 12:24
4 - 6% - 9% - 2:34
PP Forward
1 - 64% - 60% - 5:18
2 - 36% - 40% - 2:57
PP Defense
1 - 70% - 60% - 5:46
2 - 30% - 40% - 2:29
PK Forward
1 - 63% - 60% - 1:23
2 - 37% - 40% - 0:49
PK Defense
1 - 60% - 60% - 1:19
2 - 40% - 40% - 0:53
PK3 Forward
1 - 0% - 60%
2 - 0% - 40%
PK3 Defense
1 - 0% - 60%
2 - 0% - 40%
44 Forward
1 - 89% - 60% - 3:21
2 - 11% - 40% - 0:24
44 Defense
1 - 67% - 60% - 2:31
2 - 33% - 40% - 1:14
Last Minute Offensive - 0:00
Last Minute Defensive - 0:00
Total
Forward - 60:00
Defense - 60:00
|
Play-by-Play
1st period
0:01 of 1st period - Danton Heinen wins face-off versus John Tavares in neutral zone.
0:08 of 1st period - Wrist shot by Danton Heinen.
0:08 of 1st period - Goal by Danton Heinen - Red Wings : 1 - Sabres : 0.
0:09 of 1st period - Charlie Coyle wins face-off versus Evgeni Malkin in neutral zone.
0:12 of 1st period - Slapshot by Jake Gardiner.
0:12 of 1st period - Stopped by John Gibson without a rebound.
0:13 of 1st period - David Backes wins face-off versus Charlie Coyle in Sabres zone.
1:01 of 1st period - Wrist shot by Timo Meier.
1:01 of 1st period - Goal by Timo Meier - Red Wings : 1 - Sabres : 1.
1:02 of 1st period - Mike Richards wins face-off versus John Tavares in neutral zone.
1:14 of 1st period - Off-side.
1:15 of 1st period - Jamie Arniel wins face-off versus Dylan Larkin in neutral zone.
1:17 of 1st period - Minor Penalty to Joe Pavelski for Holding.
1:18 of 1st period - Jamie Arniel wins face-off versus Charlie Coyle in Sabres zone.
1:54 of 1st period - Slapshot by T.J. Hensick.
1:54 of 1st period - Shot Blocked by Mathew Dumba.
3:17 of 1st period - Penalty to Joe Pavelski is over, Joe Pavelski is back on ice.
3:36 of 1st period - Wrist shot by Jeff Schultz.
3:36 of 1st period - Stopped by John Gibson with a rebound.
5:51 of 1st period - Slapshot by John Tavares.
5:51 of 1st period - Shot Misses the Net.
6:10 of 1st period - Snap shot by Dylan Larkin.
6:10 of 1st period - Deflect By Kyle Okposo.
6:10 of 1st period - Stopped by John Gibson with a rebound.
7:30 of 1st period - Hampus Lindholm is hit by Mike Richards and loses puck.
7:47 of 1st period - Timo Meier is hit by Dylan Larkin and loses puck.
8:06 of 1st period - Icing by Michael Matheson.
8:07 of 1st period - T.J. Hensick wins face-off versus John Tavares in Sabres zone.
8:22 of 1st period - John Tavares is hit by Greg Stewart and loses puck.
8:35 of 1st period - Wrist shot by David Backes.
8:35 of 1st period - Stopped by Ondrej Pavelec without a rebound.
8:36 of 1st period - Dylan Larkin wins face-off versus David Backes in Red Wings zone.
8:53 of 1st period - Jake Gardiner is hit by David Backes and loses puck.
9:03 of 1st period - Icing by Jake Gardiner.
9:04 of 1st period - Connor Brown wins face-off versus John Tavares in Red Wings zone.
9:09 of 1st period - Snap shot by Jake Gardiner.
9:09 of 1st period - Stopped by John Gibson with a rebound.
9:20 of 1st period - Snap shot by John Tavares.
9:20 of 1st period - Shot Blocked by Connor Brown.
9:32 of 1st period - Snap shot by Ryan Getzlaf.
9:32 of 1st period - Stopped by Ondrej Pavelec without a rebound.
9:33 of 1st period - Ryan Getzlaf wins face-off versus Charlie Coyle in Red Wings zone.
9:36 of 1st period - Snap shot by Ryan Getzlaf.
9:36 of 1st period - Shot Misses the Net.
9:38 of 1st period - Backhand shot by Hampus Lindholm.
9:38 of 1st period - Shot Misses the Net.
9:40 of 1st period - Wrist shot by Andrew Mangiapane.
9:40 of 1st period - Stopped by Ondrej Pavelec without a rebound.
9:41 of 1st period - Charlie Coyle wins face-off versus John Tavares in Red Wings zone.
9:50 of 1st period - Wrist shot by Viktor Arvidsson.
9:50 of 1st period - Stopped by Ondrej Pavelec with a rebound.
9:52 of 1st period - Slapshot by Mathew Dumba.
9:52 of 1st period - Stopped by Ondrej Pavelec without a rebound.
9:53 of 1st period - Charlie Coyle wins face-off versus John Tavares in Red Wings zone.
10:05 of 1st period - Slapshot by Cal Clutterbuck.
10:05 of 1st period - Stopped by John Gibson without a rebound.
10:06 of 1st period - Evgeni Malkin wins face-off versus Charlie Coyle in Sabres zone.
11:04 of 1st period - Slapshot by Carson Mcmillan.
11:04 of 1st period - Shot Blocked by Andrew Mangiapane.
12:08 of 1st period - Snap shot by Viktor Arvidsson.
12:08 of 1st period - Stopped by Ondrej Pavelec without a rebound.
12:09 of 1st period - Dylan Larkin wins face-off versus John Tavares in Red Wings zone.
12:09 of 1st period - Dylan Larkin is hit by Viktor Arvidsson.
13:10 of 1st period - Wrist shot by Jonathan Drouin.
13:10 of 1st period - Shot Blocked by Michael Matheson.
13:45 of 1st period - Slapshot by Viktor Arvidsson.
13:45 of 1st period - Stopped by Ondrej Pavelec without a rebound.
13:46 of 1st period - Charlie Coyle wins face-off versus John Tavares in Red Wings zone.
13:56 of 1st period - Icing by Hampus Lindholm.
13:57 of 1st period - John Tavares wins face-off versus Dylan Larkin in Sabres zone.
14:02 of 1st period - Jeff Schultz is hit by Timo Meier and loses puck.
14:10 of 1st period - Off-side.
14:11 of 1st period - Charlie Coyle wins face-off versus Evgeni Malkin in neutral zone.
14:14 of 1st period - Evgeni Malkin is hit by Braydon Coburn and loses puck.
14:44 of 1st period - Snap shot by Dylan Larkin.
14:44 of 1st period - Stopped by John Gibson without a rebound.
14:45 of 1st period - Dylan Larkin wins face-off versus Ryan Getzlaf in Sabres zone.
14:52 of 1st period - Slapshot by Connor Brown.
14:52 of 1st period - Stopped by John Gibson without a rebound.
14:53 of 1st period - Dylan Larkin wins face-off versus Ryan Getzlaf in Sabres zone.
15:32 of 1st period - Snap shot by Ryan Getzlaf.
15:32 of 1st period - Shot Blocked by Philip Samuelsson.
15:48 of 1st period - Snap shot by Connor Brown.
15:48 of 1st period - Shot Misses the Net.
15:50 of 1st period - Slapshot by Jeff Schultz.
15:50 of 1st period - Shot Misses the Net.
16:07 of 1st period - Snap shot by Connor Brown.
16:07 of 1st period - Deflect By Dylan Larkin.
16:07 of 1st period - Shot Misses the Net.
16:07 of 1st period - Puck is out of play.
16:08 of 1st period - John Tavares wins face-off versus Charlie Coyle in Sabres zone.
16:35 of 1st period - Greg Stewart is hit by Sam Gagner and loses puck.
16:40 of 1st period - Wrist shot by Sam Gagner.
16:40 of 1st period - Stopped by Ondrej Pavelec with a rebound.
16:58 of 1st period - Snap shot by Jussi Jokinen.
16:58 of 1st period - Shot Blocked by Noah Hanifin.
17:00 of 1st period - Slapshot by Carson Mcmillan.
17:00 of 1st period - Shot Misses the Net.
17:45 of 1st period - Minor Penalty to Jamie Arniel for Hooking.
17:46 of 1st period - Samuel Morin wins face-off versus Charlie Coyle in Sabres zone.
17:51 of 1st period - Minor Penalty to Danton Heinen for Delaying the game.
17:52 of 1st period - Connor Brown wins face-off versus John Tavares in Red Wings zone.
17:59 of 1st period - Slapshot by Hampus Lindholm.
17:59 of 1st period - Shot Misses the Net.
18:01 of 1st period - Slapshot by Hampus Lindholm.
18:01 of 1st period - Stopped by Ondrej Pavelec without a rebound.
18:02 of 1st period - Charlie Coyle wins face-off versus John Tavares in Red Wings zone.
18:40 of 1st period - Slapshot by Hampus Lindholm.
18:40 of 1st period - Stopped by Ondrej Pavelec without a rebound.
18:41 of 1st period - John Tavares wins face-off versus Charlie Coyle in Red Wings zone.
18:54 of 1st period - Snap shot by Sam Gagner.
18:54 of 1st period - Stopped by Ondrej Pavelec with a rebound.
19:45 of 1st period - Penalty to Jamie Arniel is over, Jamie Arniel is back on ice.
19:51 of 1st period - Penalty to Danton Heinen is over, Danton Heinen is back on ice.
Goals for this period are 1 for Red Wings vs 1 for Sabres.
Shots for this period are 8 for Red Wings vs 12 for Sabres.
2nd period
0:01 of 2nd period - Charlie Coyle wins face-off versus John Tavares in neutral zone.
0:08 of 2nd period - Wrist shot by Charlie Coyle.
0:08 of 2nd period - Shot Blocked by Viktor Arvidsson.
0:30 of 2nd period - Slapshot by Hampus Lindholm.
0:30 of 2nd period - Shot Blocked by Philip Samuelsson.
0:32 of 2nd period - Slapshot by Sam Gagner.
0:32 of 2nd period - Goal by Sam Gagner - Red Wings : 1 - Sabres : 2.
0:33 of 2nd period - John Tavares wins face-off versus Charlie Coyle in neutral zone.
1:00 of 2nd period - Connor Brown is hit by David Backes and loses puck.
1:41 of 2nd period - Minor Penalty to Greg Stewart for Interference.
1:42 of 2nd period - T.J. Hensick wins face-off versus Viktor Arvidsson in Red Wings zone.
1:42 of 2nd period - T.J. Hensick is hit by Viktor Arvidsson.
3:41 of 2nd period - Penalty to Greg Stewart is over, Greg Stewart is back on ice.
3:51 of 2nd period - Hampus Lindholm is hit by Dylan Larkin and loses puck.
4:12 of 2nd period - T.J. Hensick is hit by Andrew Mangiapane.
4:57 of 2nd period - Greg Stewart is hit by Ryan Getzlaf and loses puck.
5:16 of 2nd period - Kyle Okposo is hit by Drew Fata and loses puck.
5:31 of 2nd period - Kyle Okposo is hit by Philip Samuelsson and loses puck.
5:44 of 2nd period - Wrist shot by Kyle Okposo.
5:44 of 2nd period - Shot Hit the Post.
5:58 of 2nd period - Snap shot by Jonathan Drouin.
5:58 of 2nd period - Shot Blocked by Nate Schmidt.
6:00 of 2nd period - Snap shot by T.J. Hensick.
6:00 of 2nd period - Stopped by John Gibson with a rebound.
6:02 of 2nd period - Slapshot by Greg Stewart.
6:02 of 2nd period - Goal by Greg Stewart - Red Wings : 2 - Sabres : 2.
6:03 of 2nd period - John Tavares wins face-off versus Charlie Coyle in neutral zone.
6:05 of 2nd period - Off-side.
6:06 of 2nd period - John Tavares wins face-off versus Charlie Coyle in neutral zone.
6:09 of 2nd period - Slapshot by Tyson Barrie.
6:09 of 2nd period - Shot Blocked by Braydon Coburn.
7:31 of 2nd period - Snap shot by Jonathan Drouin.
7:31 of 2nd period - Shot Blocked by Noah Hanifin.
8:01 of 2nd period - Slapshot by John Tavares.
8:01 of 2nd period - Stopped by Ondrej Pavelec without a rebound.
8:02 of 2nd period - John Tavares wins face-off versus Charlie Coyle in Red Wings zone.
8:56 of 2nd period - Snap shot by Samuel Morin.
8:56 of 2nd period - Deflect By Jamie Arniel.
8:56 of 2nd period - Stopped by Ondrej Pavelec with a rebound.
8:58 of 2nd period - Wrist shot by Joe Pavelski.
8:58 of 2nd period - Shot Misses the Net.
9:14 of 2nd period - Snap shot by Carson Mcmillan.
9:14 of 2nd period - Shot Misses the Net.
9:16 of 2nd period - Snap shot by Jussi Jokinen.
9:16 of 2nd period - Stopped by John Gibson without a rebound.
9:17 of 2nd period - Charlie Coyle wins face-off versus John Tavares in Sabres zone.
9:26 of 2nd period - Wrist shot by Charlie Coyle.
9:26 of 2nd period - Deflect By Alex DeBrincat.
9:26 of 2nd period - Stopped by John Gibson without a rebound.
9:27 of 2nd period - Charlie Coyle wins face-off versus John Tavares in Sabres zone.
9:32 of 2nd period - Snap shot by Cal Clutterbuck.
9:32 of 2nd period - Deflect By Alex DeBrincat.
9:32 of 2nd period - Shot Misses the Net.
9:32 of 2nd period - Puck is out of play.
9:33 of 2nd period - Charlie Coyle wins face-off versus John Tavares in Sabres zone.
9:59 of 2nd period - Cal Clutterbuck is hit by Hampus Lindholm and loses puck.
10:31 of 2nd period - Wrist shot by Charlie Coyle.
10:31 of 2nd period - Shot Misses the Net.
10:33 of 2nd period - Backhand shot by Jake Gardiner.
10:33 of 2nd period - Deflect By Alex DeBrincat.
10:33 of 2nd period - Shot Blocked by Kyle Okposo.
10:33 of 2nd period - Puck is out of play.
10:34 of 2nd period - John Tavares wins face-off versus Dylan Larkin in Sabres zone.
10:45 of 2nd period - Snap shot by Dylan Larkin.
10:45 of 2nd period - Shot Blocked by Tyson Barrie.
10:47 of 2nd period - Slapshot by Jeff Schultz.
10:47 of 2nd period - Stopped by John Gibson with a rebound.
10:49 of 2nd period - Slapshot by Jeff Schultz.
10:49 of 2nd period - Stopped by John Gibson without a rebound.
10:50 of 2nd period - T.J. Hensick wins face-off versus Evgeni Malkin in Sabres zone.
11:26 of 2nd period - Snap shot by Viktor Arvidsson.
11:26 of 2nd period - Shot Misses the Net.
11:44 of 2nd period - Snap shot by Dylan Larkin.
11:44 of 2nd period - Deflect By Danton Heinen.
11:44 of 2nd period - Stopped by John Gibson without a rebound.
11:45 of 2nd period - Evgeni Malkin wins face-off versus Dylan Larkin in Sabres zone.
12:07 of 2nd period - Slapshot by Braydon Coburn.
12:07 of 2nd period - Shot Blocked by Hampus Lindholm.
12:15 of 2nd period - Snap shot by Danton Heinen.
12:15 of 2nd period - Stopped by John Gibson with a rebound.
12:17 of 2nd period - Wrist shot by Danton Heinen.
12:17 of 2nd period - Stopped by John Gibson with a rebound.
12:19 of 2nd period - Snap shot by Danton Heinen.
12:19 of 2nd period - Stopped by John Gibson without a rebound.
12:20 of 2nd period - Charlie Coyle wins face-off versus David Backes in Sabres zone.
12:21 of 2nd period - Snap shot by Cal Clutterbuck.
12:21 of 2nd period - Stopped by John Gibson with a rebound.
12:23 of 2nd period - Backhand shot by Alex DeBrincat.
12:23 of 2nd period - Shot Blocked by Nate Schmidt.
12:51 of 2nd period - Wrist shot by Mike Richards.
12:51 of 2nd period - Goal by Mike Richards - Red Wings : 3 - Sabres : 2.
12:52 of 2nd period - Charlie Coyle wins face-off versus John Tavares in neutral zone.
13:19 of 2nd period - David Backes is hit by Philip Samuelsson.
13:28 of 2nd period - Off-side.
13:29 of 2nd period - John Tavares wins face-off versus Dylan Larkin in neutral zone.
13:34 of 2nd period - Snap shot by Viktor Arvidsson.
13:34 of 2nd period - Stopped by Ondrej Pavelec with a rebound.
13:47 of 2nd period - Off-side.
13:48 of 2nd period - Evgeni Malkin wins face-off versus Charlie Coyle in neutral zone.
14:11 of 2nd period - Minor Penalty to Cal Clutterbuck for Holding.
14:12 of 2nd period - John Tavares wins face-off versus T.J. Hensick in Red Wings zone.
14:39 of 2nd period - Carson Mcmillan is hit by Mathew Dumba and loses puck.
14:44 of 2nd period - Snap shot by Sam Gagner.
14:44 of 2nd period - Goal by Sam Gagner - Red Wings : 3 - Sabres : 3.
14:45 of 2nd period - John Tavares wins face-off versus Charlie Coyle in neutral zone.
15:22 of 2nd period - Snap shot by Sam Gagner.
15:22 of 2nd period - Shot Blocked by Connor Brown.
16:05 of 2nd period - Mathew Dumba is hit by Carson Mcmillan and loses puck.
16:30 of 2nd period - Timo Meier is hit by Charlie Coyle and loses puck.
17:00 of 2nd period - David Backes is hit by Connor Brown and loses puck.
17:33 of 2nd period - John Tavares is hit by Braydon Coburn and loses puck.
17:50 of 2nd period - Minor Penalty to Jussi Jokinen for Cross-checking.
17:51 of 2nd period - John Tavares wins face-off versus T.J. Hensick in Red Wings zone.
18:49 of 2nd period - Kyle Okposo is hit by Jeff Schultz and loses puck.
19:26 of 2nd period - Snap shot by Charlie Coyle.
19:26 of 2nd period - Stopped by John Gibson without a rebound.
19:27 of 2nd period - John Tavares wins face-off versus T.J. Hensick in Sabres zone.
19:50 of 2nd period - Penalty to Jussi Jokinen is over, Jussi Jokinen is back on ice.
Goals for this period are 2 for Red Wings vs 2 for Sabres.
Shots for this period are 13 for Red Wings vs 5 for Sabres.
3rd period
0:01 of 3rd period - John Tavares wins face-off versus Charlie Coyle in neutral zone.
0:06 of 3rd period - Slapshot by Viktor Arvidsson.
0:06 of 3rd period - Stopped by Ondrej Pavelec without a rebound.
0:07 of 3rd period - John Tavares wins face-off versus Charlie Coyle in Red Wings zone.
0:14 of 3rd period - Snap shot by Viktor Arvidsson.
0:14 of 3rd period - Stopped by Ondrej Pavelec with a rebound.
0:16 of 3rd period - Snap shot by Timo Meier.
0:16 of 3rd period - Deflect By John Tavares.
0:16 of 3rd period - Shot Misses the Net.
0:16 of 3rd period - Puck is out of play.
0:17 of 3rd period - Dylan Larkin wins face-off versus John Tavares in Red Wings zone.
0:46 of 3rd period - Backhand shot by Alex DeBrincat.
0:46 of 3rd period - Shot Blocked by Evgeni Malkin.
1:12 of 3rd period - Wrist shot by Greg Stewart.
1:12 of 3rd period - Shot Misses the Net.
1:14 of 3rd period - Snap shot by Greg Stewart.
1:14 of 3rd period - Shot Misses the Net.
1:16 of 3rd period - Snap shot by T.J. Hensick.
1:16 of 3rd period - Stopped by John Gibson with a rebound.
1:18 of 3rd period - Snap shot by Jonathan Drouin.
1:18 of 3rd period - Shot Misses the Net.
1:34 of 3rd period - Snap shot by Samuel Morin.
1:34 of 3rd period - Shot Misses the Net.
1:36 of 3rd period - Snap shot by Hampus Lindholm.
1:36 of 3rd period - Deflect By Jussi Jokinen.
1:36 of 3rd period - Stopped by Ondrej Pavelec without a rebound.
1:37 of 3rd period - John Tavares wins face-off versus Charlie Coyle in Red Wings zone.
1:50 of 3rd period - Snap shot by Viktor Arvidsson.
1:50 of 3rd period - Stopped by Ondrej Pavelec without a rebound.
1:51 of 3rd period - Dylan Larkin wins face-off versus John Tavares in Red Wings zone.
1:53 of 3rd period - Minor Penalty to Drew Fata for Interference.
1:54 of 3rd period - John Tavares wins face-off versus T.J. Hensick in Red Wings zone.
1:56 of 3rd period - Snap shot by Viktor Arvidsson.
1:56 of 3rd period - Shot Misses the Net.
1:58 of 3rd period - Wrist shot by Viktor Arvidsson.
1:58 of 3rd period - Shot Misses the Net.
2:00 of 3rd period - Slapshot by Mathew Dumba.
2:00 of 3rd period - Deflect By Viktor Arvidsson.
2:00 of 3rd period - Stopped by Ondrej Pavelec without a rebound.
2:01 of 3rd period - Timo Meier wins face-off versus T.J. Hensick in Red Wings zone.
2:40 of 3rd period - Mike Richards is hit by John Tavares and loses puck.
3:22 of 3rd period - Wrist shot by Viktor Arvidsson.
3:22 of 3rd period - Shot Blocked by T.J. Hensick.
3:24 of 3rd period - Snap shot by Mathew Dumba.
3:24 of 3rd period - Stopped by Ondrej Pavelec without a rebound.
3:25 of 3rd period - Evgeni Malkin wins face-off versus Mike Richards in Red Wings zone.
3:26 of 3rd period - Snap shot by Sam Gagner.
3:26 of 3rd period - Goal by Sam Gagner - Red Wings : 3 - Sabres : 4.
3:27 of 3rd period - Dylan Larkin wins face-off versus Evgeni Malkin in neutral zone.
3:30 of 3rd period - Slapshot by Dylan Larkin.
3:30 of 3rd period - Shot Misses the Net.
3:32 of 3rd period - Slapshot by Jake Gardiner.
3:32 of 3rd period - Shot Blocked by Evgeni Malkin.
3:42 of 3rd period - Snap shot by Evgeni Malkin.
3:42 of 3rd period - Shot Blocked by Danton Heinen.
3:54 of 3rd period - Cal Clutterbuck is hit by Nate Schmidt and loses puck.
4:15 of 3rd period - Wrist shot by Joe Pavelski.
4:15 of 3rd period - Shot Misses the Net.
4:23 of 3rd period - Snap shot by T.J. Hensick.
4:23 of 3rd period - Shot Misses the Net.
5:56 of 3rd period - Evgeni Malkin is hit by Carson Mcmillan.
6:02 of 3rd period - Snap shot by Carson Mcmillan.
6:02 of 3rd period - Stopped by John Gibson without a rebound.
6:03 of 3rd period - Dylan Larkin wins face-off versus John Tavares in Sabres zone.
6:08 of 3rd period - Snap shot by Dylan Larkin.
6:08 of 3rd period - Shot Hit the Post.
6:10 of 3rd period - Slapshot by Connor Brown.
6:10 of 3rd period - Deflect By Danton Heinen.
6:10 of 3rd period - Goal by Danton Heinen - Red Wings : 4 - Sabres : 4.
6:11 of 3rd period - Dylan Larkin wins face-off versus John Tavares in neutral zone.
6:14 of 3rd period - Snap shot by Connor Brown.
6:14 of 3rd period - Stopped by John Gibson with a rebound.
6:20 of 3rd period - Wrist shot by John Tavares.
6:20 of 3rd period - Stopped by Ondrej Pavelec with a rebound.
6:22 of 3rd period - Slapshot by Tyson Barrie.
6:22 of 3rd period - Shot Blocked by Jeff Schultz.
6:40 of 3rd period - Slapshot by David Backes.
6:40 of 3rd period - Shot Blocked by Jeff Schultz.
7:36 of 3rd period - Greg Stewart is hit by Sam Gagner and loses puck.
7:57 of 3rd period - Snap shot by Greg Stewart.
7:57 of 3rd period - Shot Blocked by Mathew Dumba.
8:37 of 3rd period - Snap shot by Jonathan Drouin.
8:37 of 3rd period - Deflect By T.J. Hensick.
8:37 of 3rd period - Stopped by John Gibson with a rebound.
8:43 of 3rd period - Slapshot by Mathew Dumba.
8:43 of 3rd period - Deflect By Sam Gagner.
8:43 of 3rd period - Stopped by Ondrej Pavelec with a rebound.
8:58 of 3rd period - Off-side.
8:59 of 3rd period - Dylan Larkin wins face-off versus John Tavares in neutral zone.
9:28 of 3rd period - Cal Clutterbuck is hit by Ryan Getzlaf and loses puck.
10:08 of 3rd period - Timo Meier is hit by Connor Brown and loses puck.
10:13 of 3rd period - Wrist shot by Connor Brown.
10:13 of 3rd period - Deflect By John Tavares.
10:13 of 3rd period - Shot Misses the Net.
10:13 of 3rd period - Puck is out of play.
10:14 of 3rd period - Charlie Coyle wins face-off versus Ryan Getzlaf in Sabres zone.
10:23 of 3rd period - Snap shot by Kyle Okposo.
10:23 of 3rd period - Goal by Kyle Okposo - Red Wings : 4 - Sabres : 5.
10:24 of 3rd period - John Tavares wins face-off versus Dylan Larkin in neutral zone.
10:33 of 3rd period - Wrist shot by John Tavares.
10:33 of 3rd period - Shot Hit the Post.
10:37 of 3rd period - Snap shot by John Tavares.
10:37 of 3rd period - Stopped by Ondrej Pavelec with a rebound.
10:39 of 3rd period - Wrist shot by John Tavares.
10:39 of 3rd period - Shot Misses the Net.
10:51 of 3rd period - Ryan Getzlaf is hit by Cal Clutterbuck and loses puck.
11:19 of 3rd period - Minor Penalty to T.J. Hensick for High sticking.
11:20 of 3rd period - Charlie Coyle wins face-off versus John Tavares in Red Wings zone.
11:20 of 3rd period - Charlie Coyle is hit by Hampus Lindholm.
11:26 of 3rd period - Minor Penalty to John Tavares for Holding Stick.
11:27 of 3rd period - Charlie Coyle wins face-off versus David Backes in Sabres zone.
11:40 of 3rd period - Wrist shot by Evgeni Malkin.
11:40 of 3rd period - Shot Misses the Net.
12:05 of 3rd period - Icing by Charlie Coyle.
12:06 of 3rd period - Charlie Coyle wins face-off versus Ryan Getzlaf in Red Wings zone.
12:10 of 3rd period - Icing by Jake Gardiner.
12:11 of 3rd period - Ryan Getzlaf wins face-off versus Charlie Coyle in Red Wings zone.
12:28 of 3rd period - Backhand shot by Jamie Arniel.
12:28 of 3rd period - Shot Misses the Net.
12:46 of 3rd period - Wrist shot by Charlie Coyle.
12:46 of 3rd period - Stopped by John Gibson without a rebound.
12:47 of 3rd period - Dylan Larkin wins face-off versus David Backes in Sabres zone.
12:50 of 3rd period - Wrist shot by Dylan Larkin.
12:50 of 3rd period - Stopped by John Gibson with a rebound.
12:58 of 3rd period - Snap shot by David Backes.
12:58 of 3rd period - Stopped by Ondrej Pavelec with a rebound.
13:00 of 3rd period - Slapshot by Tyson Barrie.
13:00 of 3rd period - Shot Misses the Net.
13:19 of 3rd period - Penalty to T.J. Hensick is over, T.J. Hensick is back on ice.
13:26 of 3rd period - Penalty to John Tavares is over, John Tavares is back on ice.
13:26 of 3rd period - Samuel Morin is hit by T.J. Hensick and loses puck.
13:55 of 3rd period - Wrist shot by Carson Mcmillan.
13:55 of 3rd period - Stopped by John Gibson with a rebound.
13:57 of 3rd period - Snap shot by Braydon Coburn.
13:57 of 3rd period - Deflect By Jussi Jokinen.
13:57 of 3rd period - Stopped by John Gibson without a rebound.
13:58 of 3rd period - T.J. Hensick wins face-off versus Ryan Getzlaf in Sabres zone.
14:29 of 3rd period - Slapshot by Jake Gardiner.
14:29 of 3rd period - Shot Blocked by Tyson Barrie.
16:19 of 3rd period - Icing by Hampus Lindholm.
16:20 of 3rd period - John Tavares wins face-off versus Dylan Larkin in Sabres zone.
16:46 of 3rd period - Snap shot by Braydon Coburn.
16:46 of 3rd period - Deflect By Sam Gagner.
16:46 of 3rd period - Stopped by John Gibson without a rebound.
16:47 of 3rd period - T.J. Hensick wins face-off versus Evgeni Malkin in Sabres zone.
16:54 of 3rd period - Snap shot by Greg Stewart.
16:54 of 3rd period - Stopped by John Gibson with a rebound.
17:08 of 3rd period - Wrist shot by Evgeni Malkin.
17:08 of 3rd period - Shot Misses the Net.
17:26 of 3rd period - Snap shot by Sam Gagner.
17:26 of 3rd period - Shot Blocked by Drew Fata.
17:28 of 3rd period - Wrist shot by Sam Gagner.
17:28 of 3rd period - Stopped by Ondrej Pavelec with a rebound.
17:42 of 3rd period - Snap shot by Sam Gagner.
17:42 of 3rd period - Shot Blocked by Jake Gardiner.
17:44 of 3rd period - Slapshot by Evgeni Malkin.
17:44 of 3rd period - Stopped by Ondrej Pavelec without a rebound.
17:45 of 3rd period - Ryan Getzlaf wins face-off versus Dylan Larkin in Red Wings zone.
17:52 of 3rd period - Slapshot by Ryan Getzlaf.
17:52 of 3rd period - Stopped by Ondrej Pavelec with a rebound.
17:54 of 3rd period - Snap shot by Ryan Getzlaf.
17:54 of 3rd period - Shot Misses the Net.
17:56 of 3rd period - Slapshot by Mathew Dumba.
17:56 of 3rd period - Shot Misses the Net.
17:58 of 3rd period - Snap shot by Ryan Getzlaf.
17:58 of 3rd period - Goal by Ryan Getzlaf - Red Wings : 4 - Sabres : 6.
17:59 of 3rd period - Dylan Larkin wins face-off versus Ryan Getzlaf in neutral zone.
18:01 of 3rd period - Minor Penalty to Philip Samuelsson for Tripping.
18:02 of 3rd period - T.J. Hensick wins face-off versus John Tavares in Red Wings zone.
18:28 of 3rd period - Jeff Schultz is hit by Mathew Dumba and loses puck.
19:29 of 3rd period - Nate Schmidt is hit by Mike Richards and loses puck.
Goals for this period are 1 for Red Wings vs 3 for Sabres.
Shots for this period are 11 for Red Wings vs 16 for Sabres.